 Dungeon Crawl Stone Soup version 0.27.1-33-g824d729ab1 (webtiles) character file.

Game seed: 464996081567851190

39 pkoi the Ruffian (level 3, -2/29 HPs)
             Began as a Draconian Gladiator on Dec 21, 2021.
             Slain by a hobgoblin (3 damage)
             ... on level 3 of the Dungeon.
             The game lasted 00:01:22 (2053 turns).

pkoi the Ruffian (Draconian Gladiator)              Turns: 2053, Time: 00:01:22

Health: -2/29      AC:  5    Str: 16    XL:     3   Next: 28%
Magic:  3/3        EV: 12    Int:  9    God:
Gold:   58         SH:  0    Dex: 12    Spells: 2/2 levels left

rFire    . . .     SeeInvis .     - Unarmed
rCold    . . .     Faith    .   (no shield)
rNeg     . . .     Spirit   .   (armour unavailable)
rPois    .         Reflect  .   a - +0 hat
rElec    .         Harm     .   (no cloak)
rCorr    .         Rampage  .   (no gloves)
Will     .....                  (no boots)
Stlth    +.........             (no amulet)
HPRegen  0.09/turn              (no ring)
MPRegen  0.08/turn              (no ring)

@: no status effects
A: AC +5, unfitting armour, cold-blooded
a: no special abilities


You were on level 3 of the Dungeon.
You visited 1 branch of the dungeon, and saw 3 of its levels.

You collected 58 gold pieces.

Inventory:

Hand Weapons
 d - a +0 vampiric short sword
Missiles
 b - 3 throwing nets (quivered)
 n - 10 poisoned darts
Armour
 a - a +0 hat (worn)
Scrolls
 e - a scroll of identify {unknown}
 f - a scroll of magic mapping {unknown}
 h - a scroll of blinking {unknown}
 i - 2 scrolls of teleportation {unknown}
 m - a scroll of amnesia {unknown}
Potions
 c - a potion of mutation {unknown}
 g - a potion of heal wounds {unknown}
 j - a potion of degeneration {unknown}
 k - a potion of curing {unknown}
 l - a potion of brilliance {unknown}


   Skills:
 - Level 2.1 Fighting
 - Level 1.7 Throwing
 - Level 2.6 Dodging
 + Level 4.4 Unarmed Combat


You had 2 spell levels left.
You didn't know any spells.
Your spell library contained the following spells:

 Spells                   Type           Power      Damage    Failure   Level
 Dazzling Flash           Conj/Hex       0%         N/A       77%         3
 Iskenderun's Mystic Bla  Conj/Tloc      0%         2d3       99%         4
 Starburst                Conj/Fire      0%         6d3       100%        6


Dungeon Overview and Level Annotations

Branches:
Dungeon (3/15)

Altars:


Innate Abilities, Weirdness & Mutations

Your plain brown scales are hard. (AC +5)
You cannot fit into any form of body armour.
You are cold-blooded and may be slowed by cold attacks.


Message History

Found 19 arrows.
A quokka comes into view.
You see here a +0 dagger.
There is a stone staircase leading up here.
You closely miss the goblin. The goblin closely misses you.
The phantom hits you but does no damage.
You hit the goblin.
You kill the goblin!
The phantom hits you.
The quokka bites you but does no damage.
You hit the quokka but do no damage. The phantom barely misses you.
The quokka misses you.
You hit the quokka.
You kill the quokka!
The phantom hits you.
The phantom blinks!
You blink.
You closely miss the phantom.
Your tail-slap misses the phantom.
The phantom is lightly damaged.
The hobgoblin barely misses you. The phantom closely misses you.
You hit the phantom. You tail-slap the phantom.
The phantom is moderately damaged.
The hobgoblin closely misses you. The phantom hits you.
* * * LOW HITPOINT WARNING * * *
The phantom blinks!
You blink.
Found a stone staircase leading up.
You hit the phantom.
The phantom is moderately damaged.
You hit the phantom.
The phantom is heavily damaged.
The phantom hits you!
* * * LOW HITPOINT WARNING * * *
The phantom blinks!
You blink.
The phantom hits you.
* * * LOW HITPOINT WARNING * * *
The phantom closely misses you.
There is a stone staircase leading up, spattered with blood here.
You see here a +0 club.
The phantom hits you.
* * * LOW HITPOINT WARNING * * *
The phantom blinks!
You blink.
You stop ascending the stairs.
The hobgoblin hits you.
You die...

######..###
#..# #.†#
#).# #..#
#..# ###..#
#.g§W#
#.§@.#
#....#
####.##
#<...+
###+##


You could see a phantom and a hobgoblin.

Vanquished Creatures
  An adder (D:2)
  4 ball pythons
  An endoplasm (D:1)
  2 goblins
  2 hobgoblins (D:2)
  3 jackals (D:1)
  3 quokkas
  4 bats
  2 frilled lizards
  4 kobolds
  4 rats
  A spectral goblin (D:1)
31 creatures vanquished.

Notes
Turn   | Place    | Note
-------+----------+-------------------------------------------
     0 | D:1      | pkoi the Draconian Gladiator began the quest for the Orb.
     0 | D:1      | Reached XP level 1. HP: 17/17 MP: 1/1
   347 | D:1      | Found a faded altar of an unknown god.
   457 | D:1      | Reached XP level 2. HP: 24/24 MP: 2/2
  1103 | D:2      | Reached skill level 4 in Unarmed Combat
  1700 | D:2      | Reached XP level 3. HP: 14/29 MP: 3/3
  2017 | D:3      | Noticed a phantom
  2053 | D:3      | HP: 1/29 [phantom (6)]
  2053 | D:3      | Slain by a hobgoblin

Illustrated notes

Levels and vault maps discovered:
D:1:      amcnicky_arrival_wind_blow, layout_loops_corners,
          dreamdust_ecumenical_altar_drowned_temple
D:2:      layout_basic, hangedman_decor_points, serial_park_tiny_pond
D:3:      layout_basic

Skill      XL: |  1  2 |
---------------+-------+-----
Unarmed Combat | 4 |  4.4
Fighting       | |  2.1
Throwing       | |  1.7
Dodging        | |  2.6

Action                   || total
-------------------------++-------
Melee: Unarmed           ||   116
       Tailslap          ||    14
       Punch             ||     1
 Stab: Sleeping          ||     1
Armor: Skin              ||    34
Dodge: Dodged            ||    93
